 Seeded DCSS version 0.27.1-1-g398f81649c (webtiles) character file.

Game seed: 18446744073709551615 (custom seed)

912 a11behringer the Basher (level 7, -5/66 HPs)
             Began as a Troll Berserker on Sept 12, 2021.
             Was a Priest of Trog.
             Succumbed to a water moccasin's poison
             ... on level 4 of the Dungeon.
             The game lasted 00:21:10 (4034 turns).

a11behringer the Basher (Troll Berserker)           Turns: 4034, Time: 00:21:10

Health: -5/66      AC:  4    Str: 26    XL:     7   Next: 82%
Magic:  6/6        EV: 10    Int:  3    God:    Trog [***...]
Gold:   120        SH:  0    Dex: 11    Spells: 6/6 levels left

rFire    + . .     SeeInvis .   a - +1 mace
rCold    . . .     Faith    .   (no shield)
rNeg     + + .     Spirit   .   b - +0 animal skin
rPois    .         Reflect  .   (helmet restricted)
rElec    +         Harm     .   (no cloak)
rCorr    .         Rampage  .   (gloves unavailable)
Will     ++...                  (boots unavailable)
Stlth    +.........             (no amulet)
HPRegen  2.21/turn              e - ring of positive energy
MPRegen  0.10/turn              r - ring of Ritar {Contam Fly rElec rF+ rN+}

@: lethally poisoned (-5 -> -22), strong-willed, flying, regenerating
A: large, unfitting armour, claws 3, regeneration 1, shaggy fur 1, tough skin 1
a: Renounce Religion, Berserk, Trog's Hand


You were on level 4 of the Dungeon.
You worshipped Trog.
Trog was most pleased with you.
You visited 1 branch of the dungeon, and saw 4 of its levels.
You also visited: Sewer.

You collected 210 gold pieces.
You spent 90 gold pieces at shops.

Inventory:

Hand Weapons
 a - a +1 mace (weapon)
 k - a +0 whip
 n - a +2 flail of holy wrath
Missiles
 f - 6 javelins (quivered)
 q - 3 large rocks
Armour
 b - a +0 animal skin (worn)
Jewellery
 e - a ring of positive energy (left claw)
 r - the ring of Ritar (right claw) {Contam Fly rElec rF+ rN+}
   (You bought it in a shop on level 2 of the Dungeon)

   [ring of protection from fire]

   rF:        It protects you from fire.
   rElec:     It insulates you from electricity.
   rN:        It protects you from negative energy.
   Fly:       It grants you flight.
   Contam:    It causes magical contamination when unequipped.
 s - an amulet of faith
Scrolls
 d - a scroll of teleportation {unknown}
 g - a scroll of immolation
 h - a scroll of magic mapping
 i - a scroll of enchant weapon
Potions
 c - 2 potions of curing {unknown}
 l - 3 potions of magic
 m - 2 potions of heal wounds {unknown}
 o - a potion of mutation {unknown}
 p - a potion of degeneration {unknown}
 t - a potion of invisibility {unknown}
 u - a potion of experience {unknown}
 v - 3 potions of haste
 w - a potion of cancellation {unknown}
 x - a potion of resistance {unknown}


   Skills:
 - Level 2.4 Fighting
 * Level 8.7 Maces & Flails
 - Level 2.4 Dodging


You had 6 spell levels left.
You didn't know any spells.
Your spell library was empty.

Dungeon Overview and Level Annotations

Branches:
Dungeon (4/15)              Sewer (visited)
 Temple: D:4-7

Altars:

Shops:
D:1 [   D:2 *   D:3 =(


Innate Abilities, Weirdness & Mutations

You are too large for most types of armour.
You have claws for hands.
Your natural rate of healing is unusually fast.
You are covered in fur. (AC +1)
You have tough skin. (AC +1)


Message History

Trog accepts your kill. The water moccasin bites you.
You are poisoned.
The water moccasin poisons you! The water moccasin closely misses you.
You barely miss the water moccasin.
You feel very sick. The water moccasin closely misses you.
You miss the water moccasin.
You feel very sick. The water moccasin bites you!
You are more poisoned.
The water moccasin poisons you!
You hit the water moccasin but do no damage.
You feel very sick.
The water moccasin bites you but does no damage.
You barely miss the water moccasin.
You feel very sick. The water moccasin bites you.
You are more poisoned.
The water moccasin poisons you! The water moccasin bites you.
You are lethally poisoned!
The water moccasin poisons you!
Your skin crawls.
You feel strong-willed.
You feel extremely sick. The water moccasin closely misses you.
You miss the water moccasin.
You feel extremely sick. The water moccasin bites you.
* * * LOW HITPOINT WARNING * * *
The water moccasin bites you!
* * * LOW HITPOINT WARNING * * *
You are more poisoned.
The water moccasin poisons you!
Your polar bear goes berserk!
You can no longer call in reinforcements.
* * * LOW HITPOINT WARNING * * *
You feel extremely sick. The water moccasin barely misses you.
You die...

#.....##..........#####***
#.....##..........#
#.....##..........#
#.....#...........#
#.....#......######
#.....#......#
#.....#......#
#.....#......##
#.....#..@....#
#.....#>...h..#*****
#.....#..)S......,,*
#######......####*,*
********** #.../..#****,*
,,,,,,,,,* #....(...,,,,*
,,,,,,,,,* ####....##*,,*
,,,,,,,,,* *.#..#,,,,*
,,,,,,,,,***
****.#..#*,,**


You could see a water moccasin (ally target) and a friendly polar bear
(summoned, berserk).

Vanquished Creatures
  A steam dragon (D:3)
  Menkaure (D:4)
  A kobold brigand (Sewer)
  A scorpion (D:4)
  An orc priest (D:4)
  Jessica (D:3)
  2 orc wizards
  Natasha (thrice) (D:2)
  Robin (D:2)
  7 gnolls (D:2)
  12 river rats
  4 adders
  An adder skeleton (D:2)
  2 worms (D:2)
  3 dart slugs
  5 orcs
  18 ball pythons
  3 endoplasms
  2 giant cockroaches (D:4)
  16 goblins
  5 hobgoblins
  2 quokkas (D:2)
  7 bats
  4 frilled lizards
  21 kobolds
  22 rats
146 creatures vanquished.

Vanquished Creatures (others)
  A ball python (D:3)
1 creature vanquished.

Grand Total: 147 creatures vanquished

Notes
Turn   | Place    | Note
-------+----------+-------------------------------------------
     0 | D:1      | a11behringer the Troll Berserker began the quest for the
                  | Orb.
     0 | D:1      | Reached XP level 1. HP: 22/22 MP: 0/0
   184 | D:1      | Reached skill level 3 in Maces & Flails
   233 | D:1      | Found Wusebb's Antique Armour Emporium.
   241 | D:1      | Reached XP level 2. HP: 29/29 MP: 1/1
   519 | D:1      | Found a faded altar of an unknown god.
   899 | D:2      | Reached XP level 3. HP: 29/36 MP: 2/2
   937 | D:2      | Noticed Natasha
   954 | D:2      | Reached skill level 4 in Maces & Flails
   956 | D:2      | Killed Natasha
   984 | D:2      | Found Wijash's Assorted Antiques.
   996 | D:2      | Reached ** piety under Trog
   997 | D:2      | Reached XP level 4. HP: 43/44 MP: 3/3
  1218 | D:2      | Reached skill level 5 in Maces & Flails
  1320 | D:2      | Noticed Natasha
  1325 | D:2      | Killed Natasha
  1326 | D:2      | Reached XP level 5. HP: 46/50 MP: 4/4
  1442 | D:2      | Noticed Robin
  1453 | D:2      | Killed Robin
  1565 | D:2      | Noticed Natasha
  1578 | D:2      | Killed Natasha
  1688 | D:3      | Found Acabb's Antique Weapon Emporium.
  1760 | D:3      | Reached *** piety under Trog
  1762 | D:3      | Reached skill level 6 in Maces & Flails
  1860 | D:3      | Noticed a steam dragon
  1872 | D:3      | Killed a steam dragon
  1873 | D:3      | Reached XP level 6. HP: 22/59 MP: 5/5
  2184 | D:3      | Noticed Jessica
  2186 | D:3      | Killed Jessica
  2328 | D:3      | Found Miethro's Jewellery Boutique.
  2510 | D:2      | Bought a twitching turquoise ring for 90 gold pieces
  2510 | D:2      | Identified the ring of Ritar {Contam Fly rElec rF+ rN+}
                  | (You bought it in a shop on level 2 of the Dungeon)
  2690 | D:4      | Reached skill level 7 in Maces & Flails
  2806 | D:4      | Reached XP level 7. HP: 66/66 MP: 6/6
  2942 | D:4      | Found a glowing drain.
  2994 | Sewer    | Entered a sewer
  3301 | Sewer    | Reached skill level 8 in Maces & Flails
  3401 | Sewer    | Reached **** piety under Trog
  3772 | D:4      | Noticed Menkaure
  3780 | D:4      | Killed Menkaure
  4033 | D:4      | HP: 1/66 [poisoned by a water moccasin]
  4034 | D:4      | Succumbed to a water moccasin's poison

Illustrated notes

Levels and vault maps discovered:
D:1:      minmay_arrival_widening_spiral_wide, layout_basic, serial_shops, shop,
          shapermc_ecumenical_altar_rom_forum
D:2:      layout_loops_ring, serial_shops, shop, minmay_misc_feat_five,
          minmay_tiny_reverse_x, uniq_robin, uniq_natasha
D:3:      minmay_recursive_quarters, layout_loops_ring, serial_shops, shop,
          nicolae_lakefront_shop, uniq_jessica
D:4:      layout_basic, portal_sewer_entry_b, uniq_menkaure

Skill      XL: |  1  2  3  4  5  6  7 |
---------------+----------------------+-----
Maces & Flails | 3 4 5 6 7 8 |  8.7
Fighting       | |  2.4
Dodging        | |  2.4

Action                   |  1- 3 |  4- 6 |  7- 9 || total
-------------------------+-------+-------+-------++-------
Melee: Mace              |    83 |   192 |   214 ||   489
Invok: Berserk           |     1 |     5 |     4 ||    10
       Trog's Hand       |       |     4 |     3 ||     7
       Brothers in Arms  |       |       |     1 ||     1
  Use: Scroll            |       |       |     7 ||     7
 Stab: Sleeping          |     1 |     1 |       ||     2
Armor: Animal skin       |    24 |    50 |    65 ||   139
Dodge: Dodged            |    49 |    90 |   139 ||   278
